TOP OF THE 1ST |
Las Vegas Flamingos batting - Pitching for Toledo Stingers : LHP Rust Cohle
|
Pitching: LHP Rust Cohle
|
|
Batting: RHB Ellis Greenham
|
0-0: Ball 1-0: SINGLE (Line Drive, 8RS)
|
Batting: LHB Ruud van Ineveld
|
0-0: Ball 1-0: Called Strike 1-1: Ball 2-1: SINGLE (Groundball, 4MD) Ellis Greenham to second Runner from 2nd tries for 3rd, SAFE, no throw
|
Batting: RHB Baldomero Avino
|
0-0: Called Strike 0-1: Ball 1-1: Ball 2-1: Ball 3-1: Foul Ball, location: 2F 3-2: Base on Balls Ruud van Ineveld to second
|
Batting: LHB Victor Adams
|
0-0: Ball 1-0: Grounds into double play, 6-4-3 (Groundball, 56) Ellis Greenham scores Ruud van Ineveld to third
|
Batting: LHB Ty Tomblin
|
0-0: Foul Ball, location: 2F 0-1: Ball 1-1: Ball 2-1: TRIPLE (Flyball, 9LD) Ruud van Ineveld scores
|
Batting: RHB Xavier Hernández
|
0-0: Called Strike 0-1: Ball 1-1: Ball 2-1: Ball 3-1: Base on Balls
|
Batting: SHB Glyn Bolasky
|
0-0: Called Strike 0-1: Ball 1-1: Called Strike 1-2: Ball 2-2: Ball 3-2: Fly out, F3 (Popup, 34S)
|
Top of the 1st over - 2 runs, 3 hits, 0 errors, 2 left on base; Las Vegas 2 - Toledo 0 |
BOTTOM OF THE 1ST |
Toledo Stingers batting - Pitching for Las Vegas Flamingos : RHP Germán Rodríguez
|
Pitching: RHP Germán Rodríguez
|
|
Batting: RHB Alfredo Martínez
|
0-0: Swinging Strike 0-1: Foul Ball, location: 2F 0-2: Strikes out swinging
|
Batting: LHB Francisco Alfaro
|
0-0: Ball 1-0: Foul Ball, location: 2F 1-1: Ground out U3 (Groundball, 3)
|
Batting: LHB Kyoji Hakoda
|
0-0: Called Strike 0-1: Ball 1-1: Swinging Strike 1-2: SINGLE (Line Drive, 4MD)
|
Batting: LHB Tural Bishara
|
0-0: Called Strike 0-1: Ball 1-1: Ball 2-1: Foul Ball, location: 2F 2-2: Foul Ball, location: 2F 2-2: Ball 3-2: Strikes out swinging
|
Bottom of the 1st over - 0 runs, 1 hit, 0 errors, 1 left on base; Las Vegas 2 - Toledo 0 |
TOP OF THE 2ND |
Las Vegas Flamingos batting - Pitching for Toledo Stingers : LHP Rust Cohle
|
Batting: RHB Shihei Kichikawa
|
0-0: Called Strike 0-1: Ball 1-1: Ball 2-1: Foul Ball, location: 2F 2-2: Ball 3-2: Base on Balls
|
Batting: RHB Jeff Young
|
0-0: Ball 1-0: Ball 2-0: Foul Ball, location: 2F 2-1: Ball 3-1: Ground out 5-3 (Groundball, 56S) Shihei Kichikawa to second
|
Batting: RHB Ellis Greenham
|
0-0: Called Strike 0-1: Swinging Strike 0-2: Foul Ball, location: 2F 0-2: Foul Ball, location: 2F 0-2: Ball 1-2: Strikes out swinging, 2-3 out at first.
|
Batting: LHB Ruud van Ineveld
|
0-0: Called Strike 0-1: Ball 1-1: SINGLE (Line Drive, 56) Shihei Kichikawa to third Runner from 3rd tries for Home, SAFE, no throw
|
Batting: RHB Baldomero Avino
|
0-0: Fly out, F6 (Flyball, 56D)
|
Top of the 2nd over - 1 run, 1 hit, 0 errors, 1 left on base; Las Vegas 3 - Toledo 0 |
BOTTOM OF THE 2ND |
Toledo Stingers batting - Pitching for Las Vegas Flamingos : RHP Germán Rodríguez
|
Batting: SHB Dylan Carson
|
0-0: Ball 1-0: Ball 2-0: Ball 3-0: Called Strike 3-1: SINGLE (Line Drive, 78S)
|
Batting: RHB Tamasaburo Kato
|
0-0: Foul Ball, location: 2F 0-1: Ball 1-1: Ball 2-1: Swinging Strike 2-2: Foul Ball, location: 2F 2-2: Ball 3-2: Foul Ball, location: 2F 3-2: Foul Ball, location: 2F 3-2: Fly out, F8 (Line Drive, 8LD)
|
Batting: RHB Brett Callison
|
0-0: Ball 1-0: Ball Wild Pitch! Dylan Carson to second 2-0: Called Strike 2-1: Ball 3-1: Called Strike 3-2: Foul Ball, location: 2F 3-2: Base on Balls
|
Batting: RHB Jorge Alvarado
|
0-0: Ball 1-0: Foul Ball, location: 2F 1-1: Fielders Choice at 2nd, U4 (Groundball, 6M) Dylan Carson to third
|
Batting: RHB Manny Bendixen
|
0-0: Called Strike 0-1: Ball 1-1: Called Strike 1-2: Ball 2-2: Foul Ball, location: 2F 2-2: Foul Ball, location: 2F 2-2: Ball 3-2: Base on Balls Jorge Alvarado to second
|
Batting: RHB Alfredo Martínez
|
0-0: Fly out, F6 (Popup, 6M)
|
Bottom of the 2nd over - 0 runs, 1 hit, 0 errors, 3 left on base; Las Vegas 3 - Toledo 0 |
TOP OF THE 3RD |
Las Vegas Flamingos batting - Pitching for Toledo Stingers : LHP Rust Cohle
|
Batting: LHB Victor Adams
|
0-0: Ball 1-0: Called Strike 1-1: Ball 2-1: Ball 3-1: Fly out, F7 (Flyball, 7)
|
Batting: LHB Ty Tomblin
|
0-0: Foul Ball, location: 2F 0-1: Foul Ball, location: 2F 0-2: Ball 1-2: Strikes out swinging
|
Batting: RHB Xavier Hernández
|
0-0: Ball 1-0: Ball 2-0: Swinging Strike 2-1: Foul Ball, location: 2F 2-2: Ball 3-2: Fly out, F8 (Flyball, 89D)
|
Top of the 3rd over - 0 runs, 0 hits, 0 errors, 0 left on base; Las Vegas 3 - Toledo 0 |
BOTTOM OF THE 3RD |
Toledo Stingers batting - Pitching for Las Vegas Flamingos : RHP Germán Rodríguez
|
Batting: LHB Francisco Alfaro
|
0-0: Foul Ball, location: 2F 0-1: Ball 1-1: Ball 2-1: Called Strike 2-2: Foul Ball, location: 2F 2-2: Fly out, F7 (Flyball, 7S)
|
Batting: LHB Kyoji Hakoda
|
0-0: Ground out 4-3 (Groundball, 4)
|
Batting: LHB Tural Bishara
|
0-0: Ground out 1-3 (Groundball, P)
|
Bottom of the 3rd over - 0 runs, 0 hits, 0 errors, 0 left on base; Las Vegas 3 - Toledo 0 |
TOP OF THE 4TH |
Las Vegas Flamingos batting - Pitching for Toledo Stingers : LHP Rust Cohle
|
Batting: SHB Glyn Bolasky
|
0-0: Ground out 5-3 (Groundball, 56)
|
Batting: RHB Shihei Kichikawa
|
0-0: Ball 1-0: DOUBLE (Line Drive, 78D)
|
Batting: RHB Jeff Young
|
0-0: SINGLE (Groundball, 56D) Shihei Kichikawa to third Runner from 3rd tries for Home, SAFE, no throw
|
Batting: RHB Ellis Greenham
|
0-0: Ball 1-0: Called Strike 1-1: Foul Ball, location: 2F 1-2: Ball 2-2: Strikes out swinging
|
Batting: LHB Ruud van Ineveld
|
0-0: Called Strike 0-1: Ball 1-1: Ball 2-1: Called Strike 2-2: SINGLE (Groundball, 34D) Jeff Young to second Runner from 2nd tries for 3rd, SAFE, no throw
|
Batting: RHB Baldomero Avino
|
0-0: Ball 1-0: Hit by Pitch Ruud van Ineveld to second
|
Batting: LHB Victor Adams
|
0-0: Ball 1-0: Ball 2-0: Called Strike 2-1: Ground out 4-3 (Groundball, 34D)
|
Top of the 4th over - 1 run, 3 hits, 0 errors, 3 left on base; Las Vegas 4 - Toledo 0 |
BOTTOM OF THE 4TH |
Toledo Stingers batting - Pitching for Las Vegas Flamingos : RHP Germán Rodríguez
|
Batting: SHB Dylan Carson
|
0-0: Called Strike 0-1: Ball 1-1: Swinging Strike 1-2: Ball 2-2: Ball 3-2: Strikes out looking
|
Batting: RHB Tamasaburo Kato
|
0-0: Ball 1-0: Ground out 6-3 (Groundball, 6)
|
Batting: RHB Brett Callison
|
0-0: Swinging Strike 0-1: Ball 1-1: Ball 2-1: Swinging Strike 2-2: Ball 3-2: Strikes out swinging
|
Bottom of the 4th over - 0 runs, 0 hits, 0 errors, 0 left on base; Las Vegas 4 - Toledo 0 |
TOP OF THE 5TH |
Las Vegas Flamingos batting - Pitching for Toledo Stingers : LHP Rust Cohle
|
Batting: LHB Ty Tomblin
|
0-0: Foul Ball, location: 2F 0-1: Foul Ball, location: 2F 0-2: Strikes out swinging
|
Batting: RHB Xavier Hernández
|
0-0: Swinging Strike 0-1: Swinging Strike 0-2: Ball 1-2: Foul Ball, location: 2F 1-2: Ball 2-2: Foul Ball, location: 2F 2-2: Ball 3-2: Ground out 6-3 (Groundball, 6)
|
Batting: SHB Glyn Bolasky
|
0-0: Ball 1-0: Ball 2-0: Called Strike 2-1: Foul Ball, location: 2F 2-2: Ball 3-2: Strikes out looking
|
Top of the 5th over - 0 runs, 0 hits, 0 errors, 0 left on base; Las Vegas 4 - Toledo 0 |
BOTTOM OF THE 5TH |
Toledo Stingers batting - Pitching for Las Vegas Flamingos : RHP Germán Rodríguez
|
Batting: RHB Jorge Alvarado
|
0-0: Ball 1-0: Called Strike 1-1: Ball 2-1: Fly out, F7 (Flyball, 78M)
|
Batting: RHB Manny Bendixen
|
0-0: Ball 1-0: Called Strike 1-1: Called Strike 1-2: Foul Ball, location: 2F 1-2: Strikes out looking
|
Batting: RHB Alfredo Martínez
|
0-0: Swinging Strike 0-1: Fly out, F9 (Flyball, 89M)
|
Bottom of the 5th over - 0 runs, 0 hits, 0 errors, 0 left on base; Las Vegas 4 - Toledo 0 |
TOP OF THE 6TH |
Las Vegas Flamingos batting - Pitching for Toledo Stingers : LHP Rust Cohle
|
Pitching: RHP Danny Bystrom
|
|
Batting: RHB Shihei Kichikawa
|
0-0: Ball 1-0: Ground out 6-3 (Groundball, 6)
|
Batting: RHB Jeff Young
|
0-0: Ball 1-0: Ground out 5-3 (Groundball, 56)
|
Batting: RHB Ellis Greenham
|
0-0: Ball 1-0: Called Strike 1-1: Ball 2-1: Foul Ball, location: 2F 2-2: Ball 3-2: Foul Ball, location: 2F 3-2: Base on Balls
|
Batting: LHB Ruud van Ineveld
|
0-0: Ball 1-0: Ball 2-0: Ball 3-0: Called Strike 3-1: Fly out, F3 (Line Drive, 3)
|
Top of the 6th over - 0 runs, 0 hits, 0 errors, 1 left on base; Las Vegas 4 - Toledo 0 |
BOTTOM OF THE 6TH |
Toledo Stingers batting - Pitching for Las Vegas Flamingos : RHP Germán Rodríguez
|
Batting: LHB Francisco Alfaro
|
0-0: SINGLE (Groundball, 6MD)
|
Batting: LHB Kyoji Hakoda
|
0-0: Foul Ball, location: 2F 0-1: SINGLE (Line Drive, 8LS) Francisco Alfaro to second
|
Batting: LHB Tural Bishara
|
0-0: Swinging Strike 0-1: Swinging Strike 0-2: Fly out, F7 (Flyball, 78S)
|
Batting: SHB Dylan Carson
|
0-0: Ball 1-0: Called Strike 1-1: Fly out, F8 (Line Drive, 78M)
|
Batting: RHB Tamasaburo Kato
|
0-0: Fielders Choice at 2nd, 5-4 (Groundball, 56)
|
Bottom of the 6th over - 0 runs, 2 hits, 0 errors, 2 left on base; Las Vegas 4 - Toledo 0 |
TOP OF THE 7TH |
Las Vegas Flamingos batting - Pitching for Toledo Stingers : RHP Danny Bystrom
|
Batting: RHB Baldomero Avino
|
0-0: Ball 1-0: Ball 2-0: Called Strike 2-1: Called Strike 2-2: Foul Ball, location: 2F 2-2: Strikes out swinging
|
Batting: LHB Victor Adams
|
0-0: Foul Ball, location: 2F 0-1: SOLO HOME RUN (Flyball, 89XD), Distance : 426 ft
|
Batting: LHB Ty Tomblin
|
0-0: Swinging Strike 0-1: Called Strike 0-2: Ball 1-2: Foul Ball, location: 2F 1-2: Strikes out swinging
|
Batting: RHB Xavier Hernández
|
0-0: Swinging Strike 0-1: Ball 1-1: Ball 2-1: Foul Ball, location: 2F 2-2: Ball 3-2: Foul Ball, location: 2F 3-2: Strikes out looking
|
Top of the 7th over - 1 run, 1 hit, 0 errors, 0 left on base; Las Vegas 5 - Toledo 0 |
BOTTOM OF THE 7TH |
Toledo Stingers batting - Pitching for Las Vegas Flamingos : RHP Germán Rodríguez
|
Batting: RHB Brett Callison
|
0-0: Called Strike 0-1: Ball 1-1: Called Strike 1-2: Fly out, F8 (Line Drive, 8LD)
|
Batting: RHB Jorge Alvarado
|
0-0: Ground out 4-3 (Groundball, 4)
|
Batting: RHB Manny Bendixen
|
0-0: Ground out 6-3 (Groundball, 6S)
|
Bottom of the 7th over - 0 runs, 0 hits, 0 errors, 0 left on base; Las Vegas 5 - Toledo 0 |
TOP OF THE 8TH |
Las Vegas Flamingos batting - Pitching for Toledo Stingers : RHP Danny Bystrom
|
Batting: SHB Glyn Bolasky
|
0-0: Ball 1-0: Ball 2-0: Ball 3-0: Base on Balls
|
Batting: RHB Shihei Kichikawa
|
0-0: Called Strike 0-1: Ball 1-1: Ball 2-1: Swinging Strike 2-2: Foul Ball, location: 2F 2-2: Strikes out swinging
|
Batting: RHB Jeff Young
|
0-0: Called Strike 0-1: Ball 1-1: Called Strike 1-2: Foul Ball, location: 2F 1-2: Strikes out swinging
|
Pitching: RHP Juan Parales
|
|
Batting: RHB Ellis Greenham
|
0-0: Ball 1-0: Called Strike 1-1: Ball 2-1: Fly out, F9 (Line Drive, 89D)
|
Top of the 8th over - 0 runs, 0 hits, 0 errors, 1 left on base; Las Vegas 5 - Toledo 0 |
BOTTOM OF THE 8TH |
Toledo Stingers batting - Pitching for Las Vegas Flamingos : RHP Germán Rodríguez
|
Batting: RHB Alfredo Martínez
|
0-0: Ball 1-0: Called Strike 1-1: Ball 2-1: Foul Ball, location: 2F 2-2: Ball 3-2: Fly out, F9 (Line Drive, 9D)
|
Pitching: LHP Alfonso Zapata
|
|
Batting: LHB Francisco Alfaro
|
0-0: Ball 1-0: Swinging Strike 1-1: Ball 2-1: Ball 3-1: Foul Ball, location: 2F 3-2: Ground out 6-3 (Groundball, 6)
|
Batting: LHB Kyoji Hakoda
|
0-0: Called Strike 0-1: Swinging Strike 0-2: Ball 1-2: Ball 2-2: Foul Ball, location: 2F 2-2: Ball 3-2: Strikes out swinging
|
Bottom of the 8th over - 0 runs, 0 hits, 0 errors, 0 left on base; Las Vegas 5 - Toledo 0 |
TOP OF THE 9TH |
Las Vegas Flamingos batting - Pitching for Toledo Stingers : RHP Juan Parales
|
Batting: LHB Ruud van Ineveld
|
0-0: Ball 1-0: Ball 2-0: Swinging Strike 2-1: Swinging Strike 2-2: Ground out 6-3 (Groundball, 6M)
|
Batting: RHB Baldomero Avino
|
0-0: Ball 1-0: Foul Ball, location: 2F 1-1: Ball 2-1: SINGLE (Groundball, 6D)
|
Batting: LHB Victor Adams
|
0-0: Ball 1-0: Ball 2-0: Foul Ball, location: 2F 2-1: Foul Ball, location: 2F 2-2: Foul Ball, location: 2F 2-2: Foul Ball, location: 2F 2-2: Ball 3-2: Foul Ball, location: 2F 3-2: Reached on error, E4 (Groundball, 4) Baldomero Avino to second
|
Batting: LHB Ty Tomblin
|
0-0: Fly out, F6 (Line Drive, 6)
|
Batting: RHB Xavier Hernández
|
0-0: Ball 1-0: Foul Ball, location: 2F 1-1: Fielders Choice at 2nd, 5-4 (Groundball, 56)
|
Top of the 9th over - 0 runs, 1 hit, 1 error, 2 left on base; Las Vegas 5 - Toledo 0 |
BOTTOM OF THE 9TH |
Toledo Stingers batting - Pitching for Las Vegas Flamingos : LHP Alfonso Zapata
|
Batting: LHB Tural Bishara
|
0-0: Ball 1-0: Called Strike 1-1: Called Strike 1-2: Strikes out swinging
|
Batting: SHB Dylan Carson
|
0-0: Swinging Strike 0-1: Swinging Strike 0-2: Ball 1-2: Strikes out swinging
|
Batting: RHB Tamasaburo Kato
|
0-0: Ball 1-0: DOUBLE (Line Drive, 7LS)
|
Batting: RHB Brett Callison
|
0-0: Ground out 4-3 (Groundball, 4)
|
Bottom of the 9th over - 0 runs, 1 hit, 0 errors, 1 left on base; Las Vegas 5 - Toledo 0 |
|